 Dungeon Crawl Stone Soup version 0.30-a0-722-g3e6e8c874d (webtiles) character file.

Game seed: 4316419502242675142

326 testman the Trooper (level 6, -1/46 HPs)
             Began as a Djinni Warper on Jan 27, 2023.
             Slain by a black bear (5 damage)
             ... on level 4 of the Dungeon.
             The game lasted 00:08:58 (3228 turns).

testman the Trooper (Djinni Warper)                 Turns: 3228, Time: 00:08:59

Health: -1/46      AC:  5    Str: 10    XL:     6   Next: 78%
Gold:   177        EV: 12    Int: 14    God:
                   SH:  0    Dex: 17

rFire   + + .      SeeInvis .    a - +0 falchion
rCold   x . .      Faith    .    (no shield)
rNeg    + . .      Spirit   .    b - +0 leather armour
rPois   ∞          Reflect  .    (helmet restricted)
rElec   .          Harm     .    (no cloak)
rCorr   .          Rampage  .    (no gloves)
Will    .....                    (boots unavailable)
Stlth   ++                       (no amulet)
HPRegen 0.27/turn                h - ring of positive energy
MPRegen 0.00/turn                j - +4 ring of protection

@: flying
A: sickness immunity, fire resistance 2, cold vulnerability 1, float, innate
caster, HP casting, extra vitality 1, horns 1, thin skeletal structure 1,
deformed body, MP-powered wands
a: no special abilities


You were on level 4 of the Dungeon.
You visited 1 branch of the dungeon, and saw 4 of its levels.

You collected 177 gold pieces.

Inventory:

Hand Weapons
 a - a +0 falchion (weapon)
 k - a +2 short sword of protection
Missiles
 d - 7 boomerangs of dispersal
 q - 3 boomerangs
Armour
 b - a +0 leather armour (worn)
Jewellery
 h - a ring of positive energy (left hand)
 j - a +4 ring of protection (right hand)
Scrolls
 c - a scroll of blinking
 e - 2 scrolls of teleportation {unknown}
 f - 6 scrolls of identify {unknown}
 m - a scroll of magic mapping {unknown}
 n - 2 scrolls of poison {unknown}
 p - a scroll of amnesia {unknown}
Potions
 g - a potion of curing {unknown}
 i - a potion of mutation
 l - a potion of degeneration {unknown}
 o - 2 potions of lignification {unknown}


   Skills:
 + Level 3.6 Fighting
 + Level 3.3 Long Blades
 - Level 1.5 Throwing
 - Level 2.0 Armour
 - Level 3.0 Dodging
 + Level 3.4 Spellcasting


You couldn't memorise any spells.
You knew the following spells:

 Your Spells              Type           Power      Damage    Failure   Level
a - Blink                 Tloc           24%        N/A       10%         2
b - Lesser Beckoning      Tloc           24%        N/A       10%         2
c - Vhi's Electric Charg  Tloc/Air       24%        N/A       21%         3
d - Teleport Other        Tloc           12%        N/A       21%         3
e - Manifold Assault      Tloc           12%        N/A       54%         4
f - Shock                 Conj/Air       48%        1d6       7%          1
g - Ensorcelled Hibernat  Hex/Ice        24%        N/A       10%         2
Your spell library was empty.

Dungeon Overview and Level Annotations

Branches:
Dungeon (4/15)
 Temple: D:4-7

Altars:
Trog


Innate Abilities, Weirdness & Mutations

You are immune to sickness and miasma.
You are immune to poison.
Your flesh is very heat resistant. (rF++)
You are vulnerable to cold. (rC-)
You float through the air rather than walking.
You learn spells naturally, not from books.
Your magical power is your life essence.
You have superior vitality. (+4 MHP)
You have a pair of small horns on your head.
You have a somewhat thin skeletal structure. (Dex +2, Stealth+)
Armour fits poorly on your strangely shaped body.
You expend health (3 HP) to strengthen your wands.


Message History

The black bear claws you but does no damage.
The black bear barely misses you.
You barely miss the black bear.
The black bear is heavily wounded.
The black bear misses you. The black bear claws you.
The black bear claws you but does no damage.
You closely miss the black bear.
The black bear is heavily wounded.
The black bear bites you. The black bear claws you.
The black bear barely misses you.
The black bear bites you but does no damage.
The black bear closely misses you. The black bear claws you.
You hit the black bear. You headbutt the black bear.
The black bear is severely wounded.
The black bear goes berserk!
Casting: Ensorcelled Hibernation (safe; 10% risk of failure)
Confirm with . or Enter, or press ? or * to list all spells.
You can't see any susceptible monsters within range! (Use Z to cast anyway.)
You hit the black bear.
The black bear is almost dead.
The black bear bites you but does no damage.
The black bear closely misses you. The black bear barely misses you.
You hit the black bear.
The black bear is almost dead.
The black bear bites you. The black bear closely misses you.
The black bear claws you but does no damage.
The black bear bites you.
* * * LOW HITPOINT WARNING * * *
The black bear claws you.
* * * LOW HITPOINT WARNING * * *
The black bear claws you.
* * * LOW HITPOINT WARNING * * *
You hit the black bear.
The black bear is almost dead.
The black bear bites you but does no damage.
The black bear barely misses you. The black bear completely misses you.
The black bear bites you.
* * * LOW HITPOINT WARNING * * *
The black bear barely misses you. The black bear claws you.
You die...

## ###.### ..#...#
#########.#.#.####
........#.#......#
##.#....#.###.##.#
#)#...<#...#.##.#
#.#..#...#.#.##.#
#......#.#...##@#
####..#.#.#####..h..#
............ .......#
#####.#.#+#####.....#
#####.#... #.....#
......#..... #......
#######..... #.......
#.#.## #........
#######.#.#


You could see a black bear (berserk).

Vanquished Creatures
  The ghost of IdlyInterested the Cutter, an amateur DsMo (D:3)
  A bullfrog zombie (D:3)
  A centaur skeleton (D:3)
  4 adders
  3 worms
  6 dart slugs
  An orc (D:3)
  9 ball pythons
  5 endoplasms
  3 giant cockroaches
  9 goblins
  7 hobgoblins
  4 jackals (D:4)
  3 quokkas
  7 bats
  3 frilled lizards
  7 kobolds
  5 rats
79 creatures vanquished.

Notes
Turn   | Place    | Note
-------+----------+-------------------------------------------
     0 | D:1      | testman the Djinni Warper began the quest for the Orb.
     0 | D:1      | testman set off with the following spells memorised: Blink,
                  | Lesser Beckoning, Vhi's Electric Charge, Teleport Other,
                  | Manifold Assault.
     0 | D:1      | Reached XP level 1. HP: 18/18 MP: 0/0
    44 | D:1      | Reached XP level 2. HP: 9/23 MP: 0/0
   185 | D:1      | HP: 1/23 [hobgoblin (2)]
   193 | D:1      | Reached skill level 1 in Throwing
   198 | D:1      | HP: 1/23 [hobgoblin (3)]
   209 | D:1      | HP: 1/23 [bat (1)]
   381 | D:1      | Reached XP level 3. HP: 28/28 MP: 0/0
   381 | D:1      | Learned a level 1 spell: Shock
  1117 | D:2      | Reached XP level 4. HP: 33/34 MP: 0/0
  2071 | D:3      | Found a transporter.
  2078 | D:3      | Noticed IdlyInterested's ghost (amateur DsMo)
  2080 | D:3      | Found a transporter.
  2292 | D:3      | Reached XP level 5. HP: 33/39 MP: 0/0
  2292 | D:3      | Learned a level 2 spell: Ensorcelled Hibernation
  2373 | D:3      | Found a bloodstained altar of Trog.
  2942 | D:3      | Killed IdlyInterested's ghost
  2943 | D:3      | Reached XP level 6. HP: 5/46 MP: 0/0
  2949 | D:3      | Gained mutation: You are dopey. (Int -2) [potion of
                  | mutation]
  2964 | D:3      | Lost mutation: You are dopey. (Int -2) [potion of mutation]
  2964 | D:3      | Gained mutation: Armour fits poorly on your strangely
                  | shaped body. [potion of mutation]
  2964 | D:3      | Gained mutation: You have a pair of small horns on your
                  | head. [potion of mutation]
  2964 | D:3      | Gained mutation: You have a somewhat thin skeletal
                  | structure. (Dex +2, Stealth+) [potion of mutation]
  2964 | D:3      | Gained mutation: You expend health (3 HP) to strengthen
                  | your wands. [potion of mutation]
  3214 | D:4      | Noticed a black bear
  3228 | D:4      | Slain by a black bear

Illustrated notes

Levels and vault maps discovered:
D:1:      erik_arrival_cave_to_civilisation [erik_arrival_cave_to_hall],
          layout_loops_ring
D:2:      layout_loops_corners
D:3:      layout_loops_corners, general_overflow_altar,
          gammafunk_ghost_mausoleum
D:4:      layout_basic, mainiacjoe_overflow_boulevard,
          grunt_temple_overflow_cloverleaf, minmay_temple_entry_glass,
          serial_shops, nicolae_shop_trees

Skill      XL: |  1  2  3  4  5 |
---------------+----------------+-----
Throwing       | 1 |  1.5
Long Blades    | 2 3 |  3.3
Armour         | 2 |  2.0
Dodging        | 3 |  3.0
Fighting       | 3 |  3.6
Spellcasting   | 3 |  3.4

Action                     |  1- 3 |  4- 6 || total
---------------------------+-------+-------++-------
  Melee: Falchion          |    97 |   107 ||   204
         Punch             |     2 |       ||     2
         Headbutt          |       |     2 ||     2
   Cast: Blink             |     1 |     1 ||     2
         Shock             |    21 |    57 ||    78
         Ensorcelled Hiber |       |     1 ||     1
    Use: Potion            |       |     3 ||     3
   Stab: Sleeping          |       |     3 ||     3
 Armour: Leather armour    |    54 |    50 ||   104
  Dodge: Dodged            |    93 |    78 ||   171

Table legend: (Time is in decaauts)
 A = Elapsed time spent in this place.
 B = Non-inter-level travel time spent in this place.
 C = Inter-level travel time spent in this place.
 D = Time resting spent in this place.
 E = Time spent auto-exploring this place.
 F = Levels seen in this place.
 G = Mean time per level.
                   A        B        C        D        E       F      G
               +--------+--------+--------+--------+--------+-----+--------+
         Total |   3265 |   3123 |    142 |     82 |   2511 |   4 |  816.2 |
       Dungeon |   3265 |   3123 |    142 |     82 |   2511 |   4 |  816.2 |
               +--------+--------+--------+--------+--------+-----+--------+

Top non-repeatable levels by time:
     D:3: 1158 daAuts
     D:1: 1034 daAuts
     D:2: 960 daAuts
     D:4: 111 daAuts
